 Dungeon Crawl Stone Soup version 0.31-a0-986-g5e6e4ef867 (webtiles) character file.

Game seed: 15886725788830486357

61 gelatine the Trooper (level 3, -1/29 HPs)
             Began as a Demonspawn Fighter on Nov 21, 2023.
             Slain by a quokka (3 damage)
             ... on level 2 of the Dungeon.
             The game lasted 00:03:31 (1270 turns).

gelatine the Trooper (Demonspawn Fighter)           Turns: 1270, Time: 00:03:32

Health: -1/29      AC:  6    Str: 18    XL:     3   Next: 83%
Magic:  3/3        EV:  9    Int:  9    God:
Gold:   62         SH:  4    Dex: 12    Spells: 2/2 levels left

rFire   . . .        (no weapon)
rCold   . . .        c - +0 buckler
rNeg    . . .        b - +0 scale mail
rPois   .            (no helmet)
rElec   .            (no cloak)
rCorr   .            (no gloves)
SInv    +            (no boots)
Will    .....        (no amulet) Stlth
                     g - ring of see invisible
HPRegen 0.24/turn    (no ring)
MPRegen 0.08/turn

%: no passive effects
@: slowed, very slow
A: claws 1, weakness stinger 1
a: no special abilities


You were on level 2 of the Dungeon.
You visited 1 branch of the dungeon, and saw 2 of its levels.

You collected 62 gold pieces.

Inventory:

Hand Weapons
 a - a +0 war axe
Missiles
 k - 4 atropa-tipped darts
Armour
 b - a +0 scale mail (worn)
 c - a +0 buckler (worn)
Jewellery
 g - a ring of see invisible (left claw)
 o - a ring of fire
Scrolls
 e - 3 scrolls of identify {unknown}
 h - 3 scrolls of blinking {unknown}
 i - a scroll of enchant armour {unknown}
 l - a scroll of teleportation {unknown}
Potions
 d - a potion of might
 f - 2 potions of curing {unknown}
 j - a potion of haste {unknown}
 m - a potion of heal wounds {unknown}
 n - a potion of ambrosia {unknown}


   Skills:
 * Level 3.4 Fighting
 + Level 2.3 Axes
 + Level 3.1 Armour
 * Level 0.2 Dodging
 * Level 3.0 Shields
 * Level 0.3 Unarmed Combat
 * Level 0.3 Spellcasting


You had 2 spell levels left.
You didn't know any spells.
Your spell library contained the following spells:

 Spells                   Type           Power      Damage    Failure   Level
 Ensorcelled Hibernation  Hex/Ice        0%         N/A       94%         2
 Passwall                 Tmut/Erth      0%         N/A       94%         2
 Swiftness                Air            0%         N/A       99%         3


Dungeon Overview and Level Annotations

Branches:
Dungeon (2/15)

Altars:

Annotations:
D:2 Natasha


Innate Abilities, Weirdness & Mutations

You have sharp fingernails.
You have a small tail.


Message History

The quokka is almost dead.
The quokka barely misses you. The quokka bites you.
You scratch the quokka but do no damage.
The quokka is almost dead.
Natasha casts a spell.
You block the quokka's attack.
The quokka bites you but does no damage.
You closely miss the quokka.
Your tail-slap misses the quokka.
The quokka is almost dead.
The quokka bites you.
* * * LOW HITPOINT WARNING * * *
The quokka bites you but does no damage.
Natasha casts a spell.
You scratch the quokka but do no damage.
The quokka is almost dead.
The quokka bites you.
* * * LOW HITPOINT WARNING * * *
Natasha casts a spell at you. The magic dart hits you.
* * * LOW HITPOINT WARNING * * *
The quokka closely misses you.
The quokka bites you but does no damage.
You scratch the quokka but do no damage.
The quokka is almost dead.
The quokka bites you but does no damage.
The cerulean imp hits you but does no damage.
The quokka barely misses you.
The cerulean imp hits you from afar with a +1 spear.
* * * LOW HITPOINT WARNING * * *
You scratch the quokka but do no damage.
The quokka is almost dead.
You block the quokka's attack. The cerulean imp barely misses you.
The quokka bites you but does no damage.
Natasha casts a spell.
The cerulean imp hits you but does no damage.
You barely miss the quokka.
The quokka is severely wounded.
The quokka bites you but does no damage.
The cerulean imp barely misses you. The quokka bites you.
You die...

..........####........
........................
...(...............>.....
..............###.#......
.............##...##.....
....^....................
....[.......###.###......
...?........# #.###(#....
.......r@...# #.......#..
......#.#######.#...####.
......#5#..<...........).
.......h..##...###.......
.........h.......#.......
)$.....#.........#.......
########....<....#.......
#.........#.......
#.........#.......


You could see Natasha, a cerulean imp (summoned) and a quokka.

Vanquished Creatures
  Natasha (D:2)
  2 bats (D:1)
  4 endoplasms (D:1)
  3 giant cockroaches
  A goblin (D:1)
  8 hobgoblins
  2 jackals (D:1)
  3 ball pythons (D:1)
  2 frilled lizards
  3 kobolds
  2 rats (D:1)
31 creatures vanquished.

Notes
Turn   | Place    | Note
-------+----------+-------------------------------------------
     0 | D:1      | gelatine the Demonspawn Fighter began the quest for the
                  | Orb.
     0 | D:1      | Reached XP level 1. HP: 18/18 MP: 1/1
   333 | D:1      | Found a faded altar of an unknown god.
   337 | D:1      | Discovered your monstrous ancestry.
   337 | D:1      | Gained mutation: You have sharp fingernails. [demonic
                  | ancestry]
   337 | D:1      | Reached XP level 2. HP: 22/24 MP: 2/2
   931 | D:1      | Gained mutation: You have a small tail. [demonic ancestry]
   931 | D:1      | Reached XP level 3. HP: 29/29 MP: 3/3
  1243 | D:2      | Noticed Natasha
  1255 | D:2      | Killed Natasha
  1262 | D:2      | Noticed Natasha
  1268 | D:2      | HP: 1/29 [cerulean imp/+1 spear[Natasha] (3)]
  1270 | D:2      | Slain by a quokka

Illustrated notes

Levels and vault maps discovered:
D:1:      erik_arrival_triangle_medium, layout_basic,
          shapermc_ecumenical_altar_pompeii, dreamdust_princess_bridge
D:2:      layout_rooms, uniq_natasha

Skill      XL: |  1  2 |
---------------+-------+-----
Shields        | 3 |  3.0
Axes           | 2 |  2.3
Armour         | 3 |  3.1
Fighting       | |  3.4
Dodging        | |  0.2
Unarmed Combat | |  0.3
Spellcasting   | |  0.3

Action                     || total
---------------------------++-------
  Melee: War axe           ||    54
         Unarmed           ||    32
 Armour: Scale mail        ||    66
  Dodge: Dodged            ||    28
  Block: Buckler           ||    20

Table legend: (Time is in decaauts)
 A = Elapsed time spent in this place.
 B = Non-inter-level travel time spent in this place.
 C = Inter-level travel time spent in this place.
 D = Time resting spent in this place.
 E = Time spent auto-exploring this place.
 F = Levels seen in this place.
 G = Mean time per level.
                   A        B        C        D        E       F      G
               +--------+--------+--------+--------+--------+-----+--------+
         Total |   1302 |   1251 |     51 |      0 |    929 |   2 |  651.0 |
       Dungeon |   1302 |   1251 |     51 |      0 |    929 |   2 |  651.0 |
               +--------+--------+--------+--------+--------+-----+--------+

Top non-repeatable levels by time:
     D:1: 1196 daAuts
     D:2: 106 daAuts
